 Dungeon Crawl Stone Soup version 0.25.1-2-g60ff931df9 (webtiles) character file.

Game seed: 653657097029790914

161 Chimkentus the Vexing (level 5, 0/34 HPs)
             Began as an Octopode Arcane Marksman on Aug 7, 2020.
             Slain by a mummy (2 damage)
             ... in an ossuary.
             The game lasted 00:13:10 (2315 turns).

Chimkentus the Vexing (Octopode Arcane Marksman)    Turns: 2315, Time: 00:13:11

Health: 0/34       AC:  1    Str: 11    XL:     5   Next: 42%
Magic:  6/7        EV: 14    Int: 15    God:
Gold:   70         SH:  0    Dex: 12    Spells: 3/6 levels left

rFire    . . .     SeeInvis .   h - +0 short sword
rCold    + . .     Gourm    .   (no shield)
rNeg     . . .     Faith    .   (helmet restricted)
rPois    .         Spirit   .   (no amulet)
rElec    .         Reflect  .   g - ring of resist corrosion
rCorr    +         Harm     .   e - ring of stealth
MR       .....                  n - ring of protection from cold
Stlth    ++++......             (no ring)
HPRegen  0.11/turn              (no ring)
MPRegen  0.10/turn              (no ring)
                                (no ring)
                                (no ring)

@: very slightly contaminated
A: almost no armour, stealthy swim, amphibious, 8 rings, constrict 8, camouflage
1, gelatinous body 1
a: no special abilities


You were in an ossuary.
You were near starving.

You visited 1 branch of the dungeon, and saw 3 of its levels.
You also visited: Ossuary.

You collected 70 gold pieces.

Inventory:

Hand Weapons
 b - a +0 hand axe
 h - a +0 short sword (weapon)
 m - a +0 dagger
Missiles
 a - 9 stones
 c - 2 throwing nets
 i - 11 arrows
 k - 4 javelins (quivered)
Jewellery
 e - a ring of stealth (right tentacle)
 g - a ring of resist corrosion (left tentacle)
 n - a ring of protection from cold (on tentacle)
Scrolls
 j - a scroll of magic mapping
 l - a scroll of identify {unknown}
 o - a scroll of teleportation {unknown}
Comestibles
 d - a ration


   Skills:
 * Level 2.3 Fighting
 + Level 1.0 Short Blades
 + Level 1.1 Axes
 + Level 2.5 Throwing
 * Level 2.6 Dodging
 + Level 2.0 Stealth
 + Level 1.4 Spellcasting
 + Level 3.8 Hexes


You had 3 spell levels left.
You knew the following spells:

 Your Spells              Type           Power        Failure   Level  Hunger
a - Corona                Hex            ##.....      4%          1    ##.....
b - Slow                  Hex            ##......     8%          2    ###....

Your spell library contained the following spells:

 Spells                   Type           Power        Failure   Level  Hunger
 Inner Flame              Hex/Fire       #.......     32%         3    ####...
 Portal Projectile        Hex/Tloc       #.....       32%         3    ####...
 Cause Fear               Hex            ##........   43%         4    #####..
 Leda's Liquefaction      Hex/Erth       #.........   71%         4    #####..


Dungeon Overview and Level Annotations

Branches:
Dungeon (4/15)            Ossuary (1/1)
 Temple: D:4-7

Altars:


Innate Abilities, Weirdness & Mutations

You cannot wear most types of armour.
You are very stealthy in the water. (Stealth+)
You are amphibious.
You can wear up to eight rings at the same time.
You can use your tentacles to constrict eight enemies at once.
Your skin changes colour to match your surroundings (Stealth+).
Your rubbery body absorbs attacks. (AC +1, EV +1)


Message History

You hit the centaur zombie.
The centaur zombie is heavily damaged.
The centaur zombie hits you.
You hit the centaur zombie. You squeeze the centaur zombie.
The centaur zombie is severely damaged.
The centaur zombie hits you!
* * * LOW HITPOINT WARNING * * *
Unknown command.
You aren't carrying any potions.
Unknown command.
You aren't carrying any potions.
Okay, then.
The centaur zombie hits you.
* * * LOW HITPOINT WARNING * * *
The centaur zombie stops glowing.
The centaur zombie closely misses you. The centaur zombie closely misses you.
The centaur zombie closely misses you. The mummy hits you.
You die...

#....................#
#......########......#
#..M#### +.####...#
#..## ###....##..#
#..# ........'..#
#..## ###....##..#
#...#### +.####...#
#......########......#
#......@Z............#
#......M.............#
#......########......#
#...####...#..####...#
#..##......#...'.##..#
#..'..####.#####.∩#..#
#..##.#..#.......##..#
#...####.'....####...#
#......########......#


You could see a mummy and a centaur zombie.

Vanquished Creatures
  A human zombie (Ossuary)
  2 hound zombies (Ossuary)
  A mummy (D:4)
  An adder (D:1)
  6 adder zombies (Ossuary)
  A worm (D:1)
  A dart slug (D:1)
  2 leopard geckos (D:1)
  4 bats (D:1)
  4 giant cockroaches (D:1)
  6 goblins (D:1)
  A hobgoblin (D:1)
  4 kobolds (D:1)
  A frilled lizard (D:1)
  2 goblin zombies (Ossuary)
  5 hobgoblin zombies (Ossuary)
  3 jackal zombies (Ossuary)
  A kobold zombie (Ossuary)
  An orc zombie (Ossuary)
  2 quokka zombies (Ossuary)
  7 rats (D:1)
  9 rat zombies (Ossuary)
65 creatures vanquished.

Notes
Turn   | Place    | Note
-------+----------+-------------------------------------------
     0 | D:1      | Chimkentus the Octopode Arcane Marksman began the quest for
                  | the Orb.
     0 | D:1      | Reached XP level 1. HP: 13/13 MP: 2/2
   103 | D:1      | Reached XP level 2. HP: 18/18 MP: 3/3
   107 | D:1      | Learned a level 2 spell: Slow
   453 | D:1      | Reached XP level 3. HP: 10/23 MP: 0/4
  1178 | D:1      | Reached skill level 1 in Stealth
  1325 | D:2      | You fall into a shaft and drop 2 floors!
  1333 | D:4      | Noticed a scorpion
  1346 | D:4      | Noticed an ogre
  1352 | D:4      | Found a sand-covered staircase.
  1360 | D:4      | Reached XP level 4. HP: 18/29 MP: 5/5
  1363 | Ossuary  | Entered an ossuary
  1823 | Ossuary  | Reached XP level 5. HP: 17/34 MP: 5/7
  2005 | Ossuary  | HP: 1/34 [mummy (17)]
  2294 | Ossuary  | Reached skill level 1 in Short Blades
  2294 | Ossuary  | Reached skill level 1 in Axes
  2303 | Ossuary  | HP: 1/34 [centaur zombie (3)]
  2315 | Ossuary  | Slain by a mummy

Illustrated notes

Levels and vault maps discovered:
D:1:      onia_arrival_mini_spirals, layout_rooms, minmay_misc_feat_nine_boxes,
          minmay_misc_feat_tower
D:2:      layout_rooms, minmay_goblin_outpost
D:4:      layout_cave_pools, gup_ossuary_entry_pyramid
Ossuary:  minmay_ossuary_two_tombs

Skill      XL: |  1  2  3  4  5 |
---------------+----------------+-----
Stealth        | 1 2 |  2.0
Fighting       | 2 |  2.3
Short Blades   | 1 |  1.0
Axes           | 1 |  1.1
Throwing       | |  2.5
Dodging        | |  2.6
Spellcasting   | |  1.4
Hexes          | |  3.8

Action                   |  1- 3 |  4- 6 || total
-------------------------+-------+-------++-------
Melee: Short sword       |    25 |    23 ||    48
       Constrict         |    12 |    27 ||    39
       Tentacles         |     6 |    19 ||    25
       Dagger            |    13 |     3 ||    16
       Hand axe          |       |    54 ||    54
Throw: Javelin           |    25 |    13 ||    38
       Stone             |     1 |       ||     1
 Cast: Corona            |    12 |    10 ||    22
       Slow              |     9 |     1 ||    10
  Use: Scroll            |     1 |       ||     1
 Stab: Sleeping          |     5 |     1 ||     6
       Distracted        |       |     2 ||     2
  Eat: Chunk             |     1 |       ||     1
       Ration            |       |     1 ||     1
Armor: Skin              |     1 |     9 ||    10
Dodge: Dodged            |    20 |    57 ||    77
